 Dungeon Crawl Stone Soup version 0.21.1-1-g345015fe64 (webtiles) character file.

191 DildoBatman the Sneak (level 6, 0/47 HPs)
             Began as a Formicid Enchanter on Feb 7, 2018.
             Slain by a jackal (3 damage)
             ... on level 4 of the Dungeon.
             The game lasted 00:06:33 (3391 turns).

DildoBatman the Sneak (Formicid Enchanter)          Turns: 3391, Time: 00:06:34

Health: 0/47       AC:  6    Str: 14    XL:     6   Next: 2%
Magic:  4/9        EV: 10    Int: 15    God:
Gold:   97         SH:  0    Dex: 11    Spells: 5/9 levels left

rFire    . . .     SeeInvis +   a - +0 quarterstaff
rCold    . . .     Gourm    .   (no shield)
rNeg     . . .     Faith    .   q - +0 scale mail
rPois    .         Spirit   .   (helmet unavailable)
rElec    .         Reflect  .   (no cloak)
rCorr    .         Harm     .   (no gloves)
MR       .....                  (no boots)
Stlth    +.........             (no amulet)
HPRegen  0.15/turn              g - ring of flight
MPRegen  0.11/turn              (no ring)

@: lethally poisoned (0 -> 0)
A: permanent stasis, dig shafts and tunnels, four strong arms, antennae 3
a: Dig, Shaft Self, Evoke Flight


You were on level 4 of the Dungeon.
You were not hungry.

You visited 1 branch of the dungeon, and saw 4 of its levels.

You collected 97 gold pieces.

Inventory:

Hand Weapons
 a - a +0 quarterstaff (weapon)
 b - a +1 dagger
Armour
 e - a +0 leather armour
 q - a +0 scale mail (worn)
Jewellery
 g - a ring of flight (left hand)
Scrolls
 f - a scroll of immolation {unknown}
 i - a scroll of fear {unknown}
 j - 6 scrolls of identify {unknown}
 k - a scroll of teleportation {unknown}
 m - a scroll of remove curse {unknown}
 n - a scroll of noise {unknown}
 r - 2 scrolls of magic mapping {unknown}
Potions
 d - 2 potions of heal wounds {unknown}
 h - a potion of mutation {unknown}
 l - a potion of invisibility {unknown}
 o - a potion of berserk rage {unknown}
 p - a potion of cancellation {unknown}
Books
 c - a book of Maledictions

   Spells                             Type                      Level
   a - Corona                         Hexes                        1
   b - Ensorcelled Hibernation        Hexes/Ice                    2
   c - Confuse                        Hexes                        3
   d - Tukima's Dance                 Hexes                        3
   e - Dazzling Spray                 Conjuration/Hexes            3
Comestibles
 s - 2 chunks of flesh
 v - 7 rations


   Skills:
 * Level 3.3 Fighting
 - Level 1.0 Short Blades
 * Level 3.4 Armour
 * Level 2.2 Dodging
 * Level 4.4 Stealth
 - Level 2.1 Spellcasting
 - Level 3.6 Hexes


You had 5 spell levels left.
You knew the following spells:

 Your Spells              Type           Power        Failure   Level  Hunger
a - Corona                Hex            ##.....      21%         1    #......
b - Confuse               Hex            ##......     52%         3    ###....


Dungeon Overview and Level Annotations

Branches:
Dungeon (4/15)
 Temple: D:4-7

Altars:
Gozag
Hepliaklqana
Trog
Xom


Innate Abilities, Weirdness & Mutations

You cannot be hasted, slowed, berserked, paralysed or teleported.
You can dig through walls and to a lower floor.
Your four strong arms can wield two-handed weapons with a shield.
You have a pair of large antennae on your head. (SInv)


Message History

You kill the jackal!
You feel sick. The jackal barely misses you.
You barely miss the jackal. The jackal closely misses you.
The jackal bites you but does no damage.
Casting: Corona
Confirm with . or Enter, or press ? or * to list all spells.
Aiming: Corona
Press: ? - help, Shift-Dir - straight line, f - jackal
Aim: a jackal (chance to defeat MR: 66%)
The jackal is outlined in light.
The jackal closely misses you.
You hit the jackal but do no damage. The jackal closely misses you.
The jackal bites you.
You hit the jackal but do no damage.
You feel sick. The jackal bites you. x2
You die...

#####.# # #.....###.#.
........... #...#.....#
###.#.#...# #...#...###
###.#.....#####
#####.#.....#...########
................@h$.....
#####........<#.###.....
##........#.# ...
#..........# .
##.........# #.........#
#........## #.[......#
##+##....# {


You could see a jackal.

Vanquished Creatures
  A hound (D:4)
  A bullfrog skeleton (D:4)
  A worker ant (D:4)
  4 adders
  3 dart slugs
  2 worms
  2 leopard geckos
  4 giant cockroaches (D:3)
  5 goblins
  5 hobgoblins
  9 jackals
  4 kobolds
  A quokka (D:3)
  3 ball pythons
  5 bats
  A frilled lizard (D:1)
  9 rats
60 creatures vanquished.

Notes
Turn   | Place    | Note
-------+----------+-------------------------------------------
     0 | D:1      | DildoBatman the Formicid Enchanter began the quest for the Orb.
     0 | D:1      | Reached XP level 1. HP: 13/13 MP: 3/3
    62 | D:1      | Reached skill level 1 in Fighting
   216 | D:1      | Reached XP level 2. HP: 21/22 MP: 5/5
   852 | D:1      | Reached XP level 3. HP: 28/28 MP: 4/6
   857 | D:1      | Learned a level 3 spell: Confuse
  1779 | D:2      | Reached XP level 4. HP: 18/35 MP: 2/7
  1956 | D:2      | Reached skill level 1 in Armour
  1956 | D:2      | Reached skill level 4 in Stealth
  2403 | D:3      | Found a shimmering altar of Xom.
  2406 | D:3      | Found a hazy altar of Hepliaklqana.
  2409 | D:3      | Found an opulent altar of Gozag.
  2412 | D:3      | Found a bloodstained altar of Trog.
  3030 | D:4      | Reached XP level 5. HP: 19/41 MP: 5/8
  3381 | D:4      | Reached XP level 6. HP: 8/47 MP: 5/9
  3391 | D:4      | Slain by a jackal

Skill      XL: |  1  2  3  4 |
---------------+-------------+-----
Fighting       | 1 2 3 |  3.3
Dodging        | 2 |  2.2
Armour         | 3 |  3.4
Stealth        | 4 |  4.4
Short Blades   | |  1.0
Spellcasting   | |  2.1
Hexes          | |  3.6

Action                   |  1- 3 |  4- 6 || total
-------------------------+-------+-------++-------
Melee: Dagger            |   147 |   127 ||   274
       Quarterstaff      |       |    31 ||    31
 Cast: Corona            |    22 |    31 ||    53
 Stab: Sleeping          |     1 |     2 ||     3
  Eat: Chunk             |     3 |     6 ||     9
Armor: Robe              |     2 |       ||     2
       Leather armour    |    30 |    34 ||    64
       Scale mail        |       |    38 ||    38
Dodge: Dodged            |    71 |   122 ||   193
